 Dungeon Crawl Stone Soup version 0.29-a0-284-gf9362112df (webtiles) character file.

Game seed: 13516136905828803852

596 sammy202020 the Chopper (level 7, 0/88 HPs)
             Began as a Palentonga Berserker on Mar 23, 2022.
             Was a Believer of Trog.
             Slain by an orc
             ... wielding a +2 trident
              (8 damage)
             ... on level 3 of the Dungeon.
             The game lasted 00:05:14 (3803 turns).

sammy202020 the Chopper (Palentonga Berserker)      Turns: 3803, Time: 00:05:17

Health: 0/88       AC: 18    Str: 21    XL:     7   Next: 17%
Magic:  7/7        EV:  6    Int:  9    God:    Trog [**....]
Gold:   232        SH:  0    Dex:  9    Spells: 6/6 levels left

rFire   . . .      SeeInvis +   h - +0 war axe
rCold   . . .      Faith    .   (no shield)
rNeg    . . .      Spirit   .   t - +0 chain mail
rPois   .          Reflect  .   (no helmet)
rElec   .          Harm     .   d - +0 cloak
rCorr   .          Rampage  .   e - +1 pair of gloves {hurl}
Will    ++...                   (no barding)
Stlth   ..........              n - amulet of magic regeneration
HPRegen 1.24/turn               (no ring)
MPRegen 0.50/turn               (no ring)

@: berserking, strong-willed (expiring), regenerating (expiring), curled up,
very quick
A: large, rugged brown scales 3, see invisible, deformed body, roll 1, armoured
tail, reflexive curl
a: Rolling Charge, Renounce Religion, Berserk, Trog's Hand


You were on level 3 of the Dungeon.
You worshipped Trog.
Trog was pleased with you.
You visited 1 branch of the dungeon, and saw 3 of its levels.

You collected 232 gold pieces.

Inventory:

Hand Weapons
 a - a +0 hand axe
 h - a +0 war axe (weapon)
 p - a +0 flail
Missiles
 s - a throwing net
Armour
 d - a +0 cloak (worn)
 e - a +1 pair of gloves of hurling (worn)
 t - a +0 chain mail (worn)
Jewellery
 g - a ring of see invisible
 n - an amulet of magic regeneration (around neck)
Wands
 k - a wand of polymorph (7)
Scrolls
 b - a scroll of noise {unknown}
 c - 2 scrolls of amnesia {unknown}
 f - a scroll of vulnerability {unknown}
 j - a scroll of acquirement {unknown}
 l - 3 scrolls of identify
 o - a scroll of magic mapping {unknown}
 q - a scroll of enchant armour {unknown}
 r - a scroll of brand weapon {unknown}
Potions
 i - 2 potions of haste
 m - 2 potions of heal wounds {unknown}
 u - 2 potions of lignification {unknown}


   Skills:
 * Level 5.0 Fighting
 * Level 5.1 Axes
 * Level 3.7 Armour
 + Level 2.7 Dodging


You had 6 spell levels left.
You didn't know any spells.
Your spell library was empty.

Dungeon Overview and Level Annotations

Branches:
Dungeon (3/15)

Altars:
Makhleb
Vehumet
Yredelemnul
Beogh


Innate Abilities, Weirdness & Mutations

You are completely covered in rugged brown scales. (AC +3, +7% HP)
You have supernaturally acute eyesight. (SInv)
Armour fits poorly on your strangely shaped body.
You can roll at nearby foes to attack.
You have a long armoured tail.
You curl defensively after being hit. (AC +7*)


Message History

The orc hits you from afar with a +2 trident.
You closely miss Cecur's ghost.
Your tail-slap misses Cecur's ghost.
Cecur's ghost is heavily damaged.
Cecur's ghost hits you!
* * * LOW HITPOINT WARNING * * *
The orc hits you but does no damage. Cecur's ghost hits you!
* * * LOW HITPOINT WARNING * * *
The orc barely misses you.
A red film seems to cover your vision as you go berserk!
You feel yourself moving faster!
You feel mighty!
Cecur's ghost hits you but does no damage.
The orc hits you from afar with a +2 trident.
* * * LOW HITPOINT WARNING * * *
You slice Cecur's ghost!!
You destroy Cecur's ghost!
Trog accepts your kill.
The orc hits you from afar with a +2 trident.
* * * LOW HITPOINT WARNING * * *
Your Fighting skill increases to level 5!
Your Axes skill increases to level 5!
You have reached level 7!
You now curl defensively after being hit.
You hit the orc.
The orc is moderately wounded.
The orc hits you but does no damage. x2
You slash the orc!
You feel the power of Trog in you as your rage grows.
You kill the orc!
Trog accepts your kill. The orc barely misses you.
The orc hits you with a +0 mace.
* * * LOW HITPOINT WARNING * * *
Items here: )))))) [[ ††.
You hit the orc.
The orc is moderately wounded.
You slash the orc!
You kill the orc!
Trog accepts your kill.
You feel the effects of Trog's Hand fading.
The orc hits you with a +2 trident!
You die...

#.# #.# #.####..##.##..#.# #.#
#.# #.# #.†##.##.##.# #.#
#.###.####._##.##.##.# #.#
#...........##.......#####
#.########.####..####...###.÷.#
#...#####..####.............#.#
#........)....##.####...#####.#
##...##..#.###o##.# ##.## #.#
#........[....)@#.#####.######.#
#8.............8................
#######'''#######.#.###.######..
#...........o.##.#.##.).).# ###
#....#####....##.#.##.))..#
#.###.....###.#....##.....#
#.#8#..8..#8#.#..####.....#
#.............##.# #.....#
#8....[_.....8##.# ###.###


You could see 2 orcs.

Vanquished Creatures
  Grinder (D:3)
  The ghost of Cecur the Covered, an amateur FoFi of Nemelex Xobeh (D:3)
  2 orc priests (D:3)
  A scorpion zombie (D:3)
  A hound zombie (D:3)
  4 gnolls (D:3)
  5 adders
  An adder zombie (D:3)
  3 worms
  A dart slug (D:1)
  12 orcs (D:3)
  5 endoplasms
  5 giant cockroaches
  8 goblins
  5 hobgoblins
  5 jackals
  10 kobolds
  4 quokkas
  2 ball pythons
  A ball python zombie (D:3)
  6 bats
  2 frilled lizards
  2 rats (D:3)
87 creatures vanquished.

Vanquished Creatures (others)
  4 fungi (D:1)
  5 toadstools (D:1)
9 creatures vanquished.

Grand Total: 96 creatures vanquished

Notes
Turn   | Place    | Note
-------+----------+-------------------------------------------
     0 | D:1      | sammy202020 the Palentonga Berserker began the quest for
                  | the Orb.
     0 | D:1      | Reached XP level 1. HP: 19/19 MP: 1/1
   184 | D:1      | Reached XP level 2. HP: 12/25 MP: 2/2
   677 | D:1      | Found a faded altar of an unknown god.
   963 | D:1      | Reached XP level 3. HP: 31/31 MP: 3/3
  1243 | D:1      | Reached ** piety under Trog
  1366 | D:2      | Identified the +1 robe of the Yeti {Int+3}
  1914 | D:2      | Reached XP level 4. HP: 14/39 MP: 4/4
  2164 | D:2      | Found a burning altar of Makhleb.
  2587 | D:3      | Reached XP level 5. HP: 35/44 MP: 5/5
  2981 | D:3      | Found a radiant altar of Vehumet.
  2994 | D:3      | Found a runed translucent gate.
  2995 | D:3      | Found a runed translucent gate.
  2995 | D:3      | Noticed Cecur's ghost (amateur FoFi)
  2996 | D:3      | Found a runed translucent gate.
  3305 | D:3      | Noticed Grinder
  3324 | D:3      | Killed Grinder
  3325 | D:3      | Reached XP level 6. HP: 43/52 MP: 6/6
  3539 | D:3      | Found a basalt altar of Yredelemnul.
  3799 | D:3      | Killed Cecur's ghost
  3800 | D:3      | Reached skill level 5 in Fighting
  3800 | D:3      | Reached skill level 5 in Axes
  3800 | D:3      | Gained mutation: You curl defensively after being hit. (AC
                  | +7*) [Palentonga growth]
  3800 | D:3      | Reached XP level 7. HP: 9/59 MP: 7/7
  3803 | D:3      | Slain by an orc

Illustrated notes

Levels and vault maps discovered:
D:1:      matt_arrival_refuge, layout_basic,
          hellmonk_ecumenical_altar_crossroads, minmay_gold_behind_fungi,
          wad_floor_pattern_untrapped
D:2:      layout_basic, basic_altar
D:3:      layout_loops_ring, nicolae_yredelemnul_corpse_copse,
          overflow_temple_1_default, biasface_ghost_orc_armoury,
          uniq_crazy_yiuf_cottage, uniq_grinder

Skill      XL: |  1  2  3  4  5  6 |
---------------+-------------------+-----
Armour         | 2 3 |  3.7
Dodging        | 2 |  2.7
Fighting       | 4 5 |  5.0
Axes           | 4 5 |  5.1

Action                   |  1- 3 |  4- 6 |  7- 9 || total
-------------------------+-------+-------+-------++-------
Melee: Hand axe          |    29 |       |       ||    29
       Punch             |     1 |       |       ||     1
       War axe           |    99 |   111 |     3 ||   213
       Tailslap          |     5 |    14 |       ||    19
       Unarmed           |       |     9 |       ||     9
Invok: Berserk           |     1 |     2 |       ||     3
       Trog's Hand       |       |     1 |       ||     1
 Abil: Rolling Charge    |     4 |     9 |       ||    13
  Use: Scroll            |     3 |       |       ||     3
Armor: Animal skin       |    43 |       |       ||    43
       Robe              |    24 |    35 |       ||    59
       Skin              |     1 |       |       ||     1
       Chain mail        |       |    29 |     2 ||    31
Dodge: Dodged            |    81 |    75 |     1 ||   157

Table legend: (Time is in decaauts)
 A = Elapsed time spent in this place.
 B = Non-inter-level travel time spent in this place.
 C = Inter-level travel time spent in this place.
 D = Time resting spent in this place.
 E = Time spent auto-exploring this place.
 F = Levels seen in this place.
 G = Mean time per level.
                   A        B        C        D        E       F      G
               +--------+--------+--------+--------+--------+-----+--------+
         Total |   3894 |   3850 |     44 |     49 |   3036 |   3 | 1298.0 |
       Dungeon |   3894 |   3850 |     44 |     49 |   3036 |   3 | 1298.0 |
               +--------+--------+--------+--------+--------+-----+--------+

Top non-repeatable levels by time:
     D:3: 1351 daAuts
     D:1: 1338 daAuts
     D:2: 1205 daAuts
